 Dungeon Crawl Stone Soup version 0.31-a0-965-g8a8ce12e04 (webtiles) character file.

Game seed: 5578633630591194376

5159 tsujin the Mimic (level 10, -6/84 HPs)
             Began as a Red Draconian Shapeshifter on Oct 26, 2023.
             Was a Believer of Trog.
             Mangled by a boulder beetle (15 damage)
             ... on level 8 of the Dungeon.
             The game lasted 00:17:59 (7850 turns).

tsujin the Mimic (Red Draconian Shapeshifter)       Turns: 7850, Time: 00:17:59

Health: -6/84      AC: 11    Str: 21    XL:     10   Next: 33%
Magic:  10/10      EV: 18    Int: 11    God:    Trog [**....]
Gold:   144        SH:  0    Dex: 10    Spells: 9/9 levels left

rFire   + .          .
                       - Unarmed
rCold   . . .        (shield currently unavailable)
rNeg    . . .        (body armour unavailable)
rPois   .            (helmet restricted)
rElec   .            (no cloak)
rCorr   .            (no gloves)
SInv    .            (no boots)
Will    .....        (no amulet)
Stlth   +            d - +4 ring of protection
HPRegen 0.34/turn    f - +5 ring of evasion
MPRegen 0.12/turn

%: no passive effects
@: flux-form, glowing
A: glow, contaminating, breathe fire, AC +7, unfitting armour, fire resistance
1, cold-blooded
a: Breathe Fire, Begin Untransformation, Renounce Religion, Berserk, Trog's Hand


You were on level 8 of the Dungeon.
You worshipped Trog.
Trog was pleased with you.
You were something dangerously unstable.
You visited 2 branches of the dungeon, and saw 9 of its levels.

You collected 324 gold pieces.
You spent 180 gold pieces at shops.

Inventory:

Missiles
 t - 4 curare-tipped darts
Armour
 v - a +0 pair of gloves
Jewellery
 d - a +4 ring of protection (left hand)
 f - a +5 ring of evasion (right hand)
 r - a +5 ring of evasion
 z - a ring of see invisible
Talismans
 b - a beast talisman
 c - a flux talisman (active)
 k - a serpent talisman
Wands
 j - a wand of flame (21)
 o - a wand of mindburst (7)
 y - a wand of charming (2)
Scrolls
 g - 6 scrolls of identify
 i - a scroll of brand weapon
 l - a scroll of silence {unknown}
 n - 3 scrolls of revelation
 p - 3 scrolls of teleportation
 q - a scroll of immolation {unknown}
 w - a scroll of amnesia {unknown}
 x - a scroll of vulnerability
 B - a scroll of poison
Potions
 a - 3 potions of lignification
 e - 2 potions of attraction
 h - 2 potions of heal wounds
 m - 3 potions of curing
 s - a potion of brilliance
 A - a potion of berserk rage {unknown}


   Skills:
 + Level 6.7 Fighting
 + Level 5.8 Dodging
 + Level 5.7 Stealth
 + Level 7.5 Unarmed Combat
 * Level 8.8 Shapeshifting


You had 9 spell levels left.
You didn't know any spells.
Your spell library contained the following spells:

 Spells                   Type           Power      Damage    Failure   Level
 Summon Small Mammal      Summ           0%         N/A       34%         1
 Call Canine Familiar     Summ           0%         N/A       71%         3
 Summon Guardian Golem    Hex/Summ       0%         N/A       71%         3
 Volatile Blastmotes      Fire/Tloc      0%         2d10      71%         3
 Fulminant Prism          Conj/Hex       0%         3d5       98%         4
 Iskenderun's Mystic Bla  Conj/Tloc      0%         2d3       98%         4


Dungeon Overview and Level Annotations

Branches:
Dungeon (8/15)             Temple (1/1) D:6
   Lair: D:8-11

Altars:
Ashenzari
Cheibriados
Dithmenos
Elyvilon
Fedhas
Gozag
Hepliaklqana
Kikubaaqudgha
Okawaru
Qazlal
Ru
Sif Muna
Trog
Vehumet
Wu Jian
Xom
Yredelemnul
Zin
The Shining One

Shops:
D:3 (   D:4 *   D:6 !   D:7 *

Annotations:
D:4 3 runed translucent doors, Kunndt's ghost, amateur DsFi; RandomusNamus's ghost, amateur MiBr; tsujin's ghost, amateur DjCj
D:7 2 transporters, Newt's ghost, novice MfGl


Innate Abilities, Weirdness & Mutations

You are something dangerously unstable.
You glow with magical radiation, making you easy to see and hit.
Foes you strike become dangerously contaminated with magical radiation.
You are incapable of wielding weapons or throwing items.
You can breathe blasts of fire.
Your fiery red scales are hard. (AC +7)
You cannot fit into any form of body armour.
Your flesh is heat resistant. (rF+)
You are cold-blooded and may be slowed by cold attacks.


Message History

Aim: a boulder beetle (lightly wounded, 100% to hit)
The puff of flame hits the boulder beetle but does no damage.
The boulder beetle is lightly wounded.
You feel sick.
The boulder beetle completely misses you.
Aiming: Mindburst
Press: ? - help, Shift-Dir - straight line, f/p - boulder beetle
Aim: a boulder beetle (lightly wounded, chance to affect: 47%)
The boulder beetle resists with some effort.
You feel sick.
The boulder beetle leaps!
You take 1 damage, and have 60/84 hp.
Aiming: Throw Flame
Press: ? - help, Shift-Dir - straight line, f/p - boulder beetle
Aim: a boulder beetle (lightly wounded, 100% to hit)
The puff of flame hits the boulder beetle.
The boulder beetle is lightly wounded.
You feel sick.
You take 1 damage, and have 59/84 hp.
Aiming: Mindburst
Press: ? - help, Shift-Dir - straight line, f/p - boulder beetle
Aim: a boulder beetle (lightly wounded, chance to affect: 47%)
The boulder beetle resists with some effort.
You feel sick.
Aiming: Throw Flame
Press: ? - help, Shift-Dir - straight line, f/p - boulder beetle
Aim: a boulder beetle (lightly wounded, 100% to hit)
The puff of flame hits the boulder beetle but does no damage.
The boulder beetle is lightly wounded.
You feel sick. The boulder beetle bites you!
You take 13 damage, and have 46/84 hp.
You feel sick.
You are no longer poisoned.
The boulder beetle curls into a ball and begins rolling!
You take 1 damage, and have 45/84 hp.
The boulder beetle attacks as it pursues you!
The boulder beetle hits you!!!
* * * LOW HITPOINT WARNING * * *
The boulder beetle stops rolling and uncurls.
The boulder beetle bites you!
You die...

#.......... .........
#..#..##..# ..#......
#..#..# ..........
#..#..# ...........
#..#..# .......^....
#.....##... ........#
##°....... ..........
######○#..##.............
#......Bp................
######....##.#.......##.#
#....##.#.......##.#
#....##.#....#..##.#
#....##.........##..
######............#..##.#
#.†..................##.#
#####....#####..###.†##.#
###..#.##........(.†.<#


You could see a boulder beetle.

Vanquished Creatures
  Erica (D:8)
  Pikel (D:5)
  A cyclops (D:8)
  Grinder (D:5)
  Sigmund (D:5)
  A wyvern (D:7)
  8 water moccasins
  2 ice beasts
  An ogre (D:5)
  An orc warrior (D:8)
  2 black bears
  A centaur (D:6)
  A phantom (D:6)
  2 kobold brigands
  A gnoll sergeant (D:7)
  A bullfrog (D:7)
  5 wights (D:7)
  9 killer bees (D:8)
  A howler monkey (D:6)
  2 hounds
  2 orc priests
  2 jellies
  A sleepcap (D:7)
  3 iguanas
  4 orc wizards
  7 gnolls
  14 adders
  2 shadow imps (D:5)
  5 white imps
  2 ufetubi
  2 worms (D:2)
  A dart slug (D:1)
  17 orcs
  3 endoplasms
  7 giant cockroaches
  4 hobgoblins
  3 jackals (D:2)
  A quokka (D:2)
  7 ball pythons
  7 bats
  4 frilled lizards
  A goblin (D:2)
  14 kobolds
  9 rats
165 creatures vanquished.

Notes
Turn   | Place    | Note
-------+----------+-------------------------------------------
     0 | D:1      | tsujin the Draconian Shapeshifter began the quest for the
                  | Orb.
     0 | D:1      | Reached XP level 1. HP: 16/16 MP: 1/1
   104 | D:1      | Reached XP level 2. HP: 13/23 MP: 2/2
  1087 | D:2      | Reached XP level 3. HP: 28/28 MP: 3/3
  1820 | D:3      | Found Ipsunube's Weapon Boutique.
  2021 | D:3      | Reached XP level 4. HP: 35/35 MP: 4/4
  2545 | D:4      | Found Apriek's General Store.
  3414 | D:4      | Reached XP level 5. HP: 40/40 MP: 5/5
  3422 | D:4      | Reached skill level 4 in Shapeshifting
  3450 | D:4      | Found a runed translucent gate.
  3450 | D:4      | Found a runed translucent gate.
  3450 | D:4      | Found a runed translucent gate.
  3455 | D:4      | Noticed Kunndt's ghost (amateur DsFi)
  3455 | D:4      | Noticed RandomusNamus's ghost (amateur MiBr)
  3455 | D:4      | Noticed tsujin's ghost (amateur DjCj)
  3545 | D:5      | Entered Level 5 of the Dungeon
  3545 | D:5      | Noticed a black bear
  3599 | D:5      | Noticed an ogre
  3665 | D:5      | Noticed Grinder
  3668 | D:5      | Paralysed by Grinder for 5 turns
  3681 | D:4      | Reached skill level 1 in Stealth
  3693 | D:5      | Killed Grinder
  3694 | D:5      | Reached skill level 5 in Unarmed Combat
  3694 | D:5      | Reached XP level 6. HP: 34/50 MP: 6/6
  3752 | D:5      | Noticed Sigmund
  3763 | D:5      | Killed Sigmund
  3764 | D:5      | Reached skill level 5 in Shapeshifting
  3764 | D:5      | Your scales start taking on a fiery red colour.
  3764 | D:5      | Reached XP level 7. HP: 56/56 MP: 7/7
  3764 | D:5      | Gained mutation: Your flesh is heat resistant. (rF+) [Red
                  | Draconian growth]
  3891 | D:5      | Noticed Pikel
  3901 | D:5      | Killed Pikel
  3902 | D:5      | Reached skill level 6 in Shapeshifting
  3902 | D:5      | Reached XP level 8. HP: 20/66 MP: 8/8
  4670 | D:6      | Found a staircase to the Ecumenical Temple.
  4704 | Temple   | Entered the Ecumenical Temple
  4777 | Temple   | Became a worshipper of Trog the Wrathful
  4919 | D:6      | Found a shadowy altar of Dithmenos.
  4948 | D:6      | Identified the +0 ring mail of Precision Catastrophes {rC+
                  | Will+}
  5182 | D:6      | Found Ividane's Distillery.
  5193 | D:6      | Reached XP level 9. HP: 70/73 MP: 9/9
  5205 | D:6      | Bought a potion of heal wounds for 60 gold pieces
  5205 | D:6      | Bought a potion of haste for 120 gold pieces
  5262 | D:6      | Reached skill level 5 in Fighting
  5262 | D:6      | Reached skill level 7 in Shapeshifting
  5546 | D:7      | Found an iron altar of Okawaru.
  5606 | D:7      | Reached * piety under Trog
  6036 | D:7      | Found a transporter.
  6055 | D:7      | Reached skill level 5 in Dodging
  6090 | D:7      | Found a transporter.
  6090 | D:7      | Noticed Newt's ghost (novice MfGl)
  6431 | D:7      | Found Zin's Purification Station.
  6434 | D:7      | Found a glowing silver altar of Zin.
  6854 | D:8      | Found an opulent altar of Gozag.
  6881 | D:8      | Noticed Erica
  6905 | D:8      | Killed Erica
  6906 | D:8      | Reached skill level 5 in Stealth
  6906 | D:8      | Reached skill level 8 in Shapeshifting
  7060 | D:8      | Reached XP level 10. HP: 68/83 MP: 10/10
  7310 | D:8      | Reached ** piety under Trog
  7463 | D:8      | Noticed a cyclops
  7468 | D:8      | Killed a cyclops
  7825 | D:8      | Noticed a boulder beetle
  7850 | D:8      | Mangled by a boulder beetle

Illustrated notes

Levels and vault maps discovered:
D:1:      wander_arrival_estate, layout_basic, minmay_box_of_dots
D:2:      layout_basic
D:3:      layout_basic, serial_shops, shop
D:4:      layout_loops_cross, serial_shops, shop, serial_forest,
          infiniplex_forest_corner_1, infiniplex_forest_clump_double,
          infiniplex_forest_split, infiniplex_forest_straight_2,
          infiniplex_forest_lined_2, infiniplex_forest_lined_3,
          infiniplex_forest_lined_2, infiniplex_forest_corner_1,
          gammafunk_ghost_cemetery, grunt_ministairs_4, glass_columns_b,
          minmay_misc_feat_doors
D:5:      layout_rooms, uniq_pikel, uniq_grinder, uniq_sigmund
D:6:      layout_loops_ring, nicolae_dithmenos_shadow_blocks,
          minmay_temple_entry_tees, serial_shops,
          nicolae_shop_tiny_statue_garden, nicolae_half_adder
D:7:      layout_gridville, zin_purify, okawaru_metal_pillars_1_2,
          nzn_ghost_randoct, minivault_22, st_stairs_11, corexii_hall_statues_u
D:8:      layout_basic, kennysheep_little_box, feat_on_display, uniq_erica
Temple:   regret_index_temple_generic_petals

Skill      XL: |  1  2  3  4  5  6  7  8  9 |
---------------+----------------------------+-----
Unarmed Combat | 4 5 6 7 |  7.5
Dodging        | 2 3 4 5 |  5.8
Shapeshifting  | 4 5 6 8 |  8.8
Stealth        | 1 2 3 4 5 |  5.7
Fighting       | 2 4 6 |  6.7

Action                     |  1- 3 |  4- 6 |  7- 9 | 10-12 || total
---------------------------+-------+-------+-------+-------++-------
  Melee: Unarmed           |   108 |    69 |   291 |    88 ||   556
         Tailslap          |     9 |     6 |    44 |     9 ||    68
         Punch             |     5 |     4 |     5 |       ||    14
 Invoke: Berserk           |       |       |     1 |       ||     1
  Evoke: Wand              |       |       |       |    14 ||    14
    Use: Scroll            |     8 |     3 |     3 |       ||    14
         Potion            |       |     2 |     3 |       ||     5
   Stab: Sleeping          |     1 |     1 |     1 |     1 ||     4
 Armour: Skin              |    40 |    25 |   111 |    55 ||   231
  Dodge: Dodged            |    66 |    62 |   239 |    99 ||   466
   Form: Flux              |     1 |       |     1 |       ||     2
         Beast             |     1 |       |       |       ||     1

Table legend: (Time is in decaauts)
 A = Elapsed time spent in this place.
 B = Non-inter-level travel time spent in this place.
 C = Inter-level travel time spent in this place.
 D = Time resting spent in this place.
 E = Time spent auto-exploring this place.
 F = Levels seen in this place.
 G = Mean time per level.
                   A        B        C        D        E       F      G
               +--------+--------+--------+--------+--------+-----+--------+
         Total |   7810 |   7348 |    462 |    827 |   4989 |   9 |  867.8 |
       Dungeon |   7699 |   7274 |    425 |    827 |   4989 |   8 |  962.4 |
        Temple |    110 |     73 |     37 |      0 |      0 |   1 |  110.0 |
               +--------+--------+--------+--------+--------+-----+--------+

Top non-repeatable levels by time:
     D:7: 1225 daAuts
     D:4: 1112 daAuts
     D:8: 1083 daAuts
     D:2: 1054 daAuts
     D:5: 970 daAuts
     D:6: 788 daAuts
     D:1: 749 daAuts
     D:3: 716 daAuts
  Temple: 110 daAuts
